 Dungeon Crawl Stone Soup version 0.24-a0-317-g5cb8de4 (webtiles) character file.

Game seed: 8936894803407311264

100 mhoghedin the Insei (level 4, -6/36 HPs)
             Began as a Demigod Transmuter on May 16, 2019.
             Mangled by an iguana (9 damage)
             ... on level 1 of the Dungeon.
             The game lasted 00:02:49 (1330 turns).

mhoghedin the Insei (Demigod Transmuter)            Turns: 1330, Time: 00:02:49

Health: -6/36      AC:  7    Str: 15    XL:     4   Next: 23%
Magic:  9/9        EV: 10    Int: 17    God:
Gold:   65         SH:  0    Dex: 16    Spells: 5/6 levels left

rFire    . . .     SeeInvis .   e - +0 spear
rCold    . . .     Gourm    .   (no shield)
rNeg     . . .     Faith    .   f - +0 scale mail (curse)
rPois    .         Spirit   .   (no helmet)
rElec    .         Reflect  .   (no cloak)
rCorr    .         Harm     .   (no gloves)
MR       .....                  g - +0 pair of boots
Stlth    ..........             (no amulet)
HPRegen  0.12/turn              (no ring)
MPRegen  0.11/turn              (no ring)

@: no status effects
A: high mp 1
a: no special abilities


You were on level 1 of the Dungeon.
You were not hungry.

You visited 1 branch of the dungeon, and saw 2 of its levels.

You collected 65 gold pieces.

Inventory:

Hand Weapons
 e - a +0 spear (weapon)
   (You found it on level 1 of the Dungeon)
Missiles
 a - 12 arrows
Armour
 b - a +0 robe
 f - a cursed +0 scale mail (worn)
   (You found it on level 1 of the Dungeon)
 g - a +0 pair of boots (worn)
   (You found it on level 2 of the Dungeon)
Scrolls
 c - a scroll of enchant weapon {unknown}
 h - a scroll of fear {unknown}
 i - a scroll of identify {unknown}
 l - a scroll of random uselessness {unknown}
Comestibles
 d - 3 rations
 j - a chunk of flesh {@w0}


   Skills:
 - Level 1.9 Fighting
 - Level 1.8 Dodging
 + Level 4.3 Unarmed Combat
 - Level 1.8 Spellcasting
 - Level 1.8 Transmutations


You had 5 spell levels left.
You knew the following spells:

 Your Spells              Type           Power        Failure   Level  Hunger
a - Beastly Appendage     Tmut           #.....       36%         1    #......

Your spell library contained the following spells:

 Spells                   Type           Power        Failure   Level  Hunger
 Sticks to Snakes         Tmut           #.......     52%         2    ###....
 Spider Form              Tmut/Pois      #.........   86%         3    ###....
 Ice Form                 Ice/Tmut       #.......     99%         4    #####..
 Blade Hands              Tmut           #.........   100%        5    ######.


Dungeon Overview and Level Annotations

Branches:
Dungeon (2/15)


Innate Abilities, Weirdness & Mutations

You have an increased reservoir of magic. (+10% MP)


Message History

The adder closely misses you.
You closely miss the adder.
Your transformation is almost over.
You feel sick. The adder barely misses you.
The adder bites you but does no damage.
You take 1 damage, and have 20/36 hp.
You barely miss the adder. The adder bites you but does no damage.
You hit the adder but do no damage.
You feel sick. The adder barely misses you.
You closely miss the adder. You headbutt the adder.
You kill the adder!
You barely miss the kobold. The kobold hits you with a +0 dagger.
You take 3 damage, and have 17/36 hp.
MP restored: 9 You closely miss the kobold.
You feel sick. The kobold closely misses you.
You take 1 damage, and have 16/36 hp.
You hit the kobold.
You kill the kobold!
Items here: )) ††† a +0 dagger; a cursed -3 dagger; a kobold corpse; an adder corpse x2
You butcher the adder corpse.
j - 5 chunks of flesh {@w0} (gained 1)
Items here: )) ÷ †† a +0 dagger; a cursed -3 dagger; a kobold corpse; an adder skeleton an adder corpse You feel sick.
You take 1 damage, and have 15/36 hp.
You butcher the adder corpse.
Your horns disappear.
j - 7 chunks of flesh {@w0} (gained 2)
Items here: )) ÷÷ † a +0 dagger; a cursed -3 dagger; a kobold corpse; an adder skeleton x2
You start resting.
You feel sick. x2
You are no longer poisoned.
You take 2 damage, and have 14/36 hp.
You start resting.
Eating one of 7 chunks of flesh {@w0}.
You eat one of the 7 chunks of flesh {@w0}.
Some of the chunks of flesh in your inventory have rotted away.
Health restored: 36 Unknown command.
You now have 65 gold pieces (gained 6).
l - a scroll labeled FUUZAY XERO A bat comes into view.
The bat closely misses you.
You hit the bat.
You kill the bat!
No target in view!
No target in view!
An iguana comes into view.
The iguana hisses angrily.
An iguana is nearby!
Attack whom?
Aim: an iguana You reach to attack!
You hit the iguana but do no damage. You barely miss the iguana.
The iguana bites you!
You take 10 damage, and have 26/36 hp.
MASSIVE DAMAGE!!
You grow a pair of large bovine horns.
The iguana bites you!
You take 8 damage, and have 18/36 hp.
MASSIVE DAMAGE!!
You now have 8/9 mp.
You extend your transformation's duration.
The iguana misses you.
You now have 7/9 mp.
You barely miss the iguana.
You headbutt the iguana, but do no damage.
The iguana closely misses you.
You hit the iguana but do no damage. The iguana bites you!
* * * LOW HITPOINT WARNING * * *
You take 8 damage, and have 10/36 hp.
MASSIVE DAMAGE!!
Some of the chunks of flesh in your inventory have rotted away.
Your transformation is almost over.
There is a stone staircase leading up here.
The iguana bites you but does no damage.
You climb upwards.
There is a stone staircase leading down here.
Okay, then.
Unknown command.
Unknown command.
You don't know that spell.
You closely miss the iguana. The iguana barely misses you.
The iguana bites you!
* * * LOW HITPOINT WARNING * * *
You take 8 damage, and have 4/36 hp.
MASSIVE DAMAGE!!
MP restored: 9 It was a potion of curing.
You feel better.
Your horns disappear.
The iguana bites you.
You regained 7 hp, and now have 11/36 hp.
You hit the iguana but do no damage. The iguana barely misses you.
You hit the iguana but do no damage. The iguana bites you!
* * * LOW HITPOINT WARNING * * *
You take 8 damage, and have 3/36 hp.
MASSIVE DAMAGE!!
You hit the iguana but do no damage. The iguana completely misses you.
You hit the iguana but do no damage. The iguana bites you!
You die...

#.##..†.....####
#.#.#+#........# #
#.#.#.#.######.# #
#.#...#.# ####.# #
###...###.# #..()# #
#...#.....# #†#### #
#####.##### #....#
########...##########.#
.()............l@####.#
####.....#.#######....#
####.#####.#
#.############
..##.......#
#.......#....#
#.##########
#######.#.##.# #......#
#.#.##.# ######.#
#.#....# # ###.#
#†#..### # #...#
#####....#


You could see an iguana.

Vanquished Creatures
  A jelly (D:2)
  3 adders (D:2)
  An ooze (D:1)
  A worm (D:2)
  3 dart slugs (D:1)
  A leopard gecko (D:1)
  2 goblins
  4 hobgoblins
  10 bats
  2 frilled lizards (D:1)
  3 kobolds
  6 rats
37 creatures vanquished.

Notes
Turn   | Place    | Note
-------+----------+-------------------------------------------
     0 | D:1      | mhoghedin the Demigod Transmuter began the quest for the
                  | Orb.
     0 | D:1      | Reached XP level 1. HP: 15/15 MP: 5/5
    38 | D:1      | Reached skill level 1 in Fighting
   268 | D:1      | Reached XP level 2. HP: 20/23 MP: 7/7
   277 | D:1      | Reached skill level 3 in Unarmed Combat
   873 | D:2      | Reached XP level 3. HP: 29/29 MP: 8/8
  1003 | D:2      | Reached skill level 4 in Unarmed Combat
  1082 | D:2      | Reached XP level 4. HP: 31/36 MP: 9/9
  1325 | D:1      | HP: 4/36 [iguana (8)]
  1330 | D:1      | Mangled by an iguana

Levels and vault maps discovered:
D:1:      nzn_arrival_settlement, layout_basic
D:2:      layout_basic, first_ration

Skill      XL: |  1  2  3 |
---------------+----------+-----
Fighting       | 1 |  1.9
Unarmed Combat | 3 4 |  4.3
Dodging        | |  1.8
Spellcasting   | |  1.8
Transmutations | |  1.8

Action                   |  1- 3 |  4- 6 || total
-------------------------+-------+-------++-------
Melee: Spear             |   141 |    23 ||   164
       Headbutt          |    10 |     2 ||    12
       Kick              |     1 |       ||     1
       Punch             |     2 |       ||     2
 Cast: Beastly Appendage |    12 |     3 ||    15
  Use: Potion            |       |     1 ||     1
  Eat: Chunk             |     1 |     1 ||     2
Armor: Scale mail        |    70 |     6 ||    76
       Robe              |     1 |       ||     1
Dodge: Dodged            |    66 |    12 ||    78

Table legend:
 A = Non-vault XP
 B = Vault XP
 C = Vault XP percentage of total XP
 D = Non-vault monster count
 E = Vault monster count
 F = Vault count percentage of total count
                 A         B        C        D         E       F
            +---------+---------+-------+---------+---------+-------
      Total |     143 |       0 |   0.0 |      37 |       0 |   0.0
            +---------+---------+-------+---------+---------+-------
        D:1 |      46 |       0 |   0.0 |      23 |       0 |   0.0
        D:2 |      97 |       0 |   0.0 |      14 |       0 |   0.0
            +---------+---------+-------+---------+---------+-------

Levels and vault maps discovered:
D:1:      nzn_arrival_settlement, layout_basic
D:2:      layout_basic, first_ration

Table legend:
 A = Turns spent in this place as a percentage of turns spent in the entire game.
 B = Non-inter-level travel turns spent in this place as a percentage of non-inter-level travel turns spent in the entire game.
 C = Inter-level travel turns spent in this place as a percentage of turns spent in this place.
 D = Turns resting spent in this place as a percentage of non-inter-level travel turns spent in this place.
 E = Turns spent auto-exploring this place as a percentage of non-inter-level travel turns spent in this place.
 F = Non-inter-level travel turns spent in this place divided by the number of levels of this place that you've seen.
                   A       B       C       D       E      F
               +-------+-------+-------+-------+-------+----------------------
         Total | 100.0 | 100.0 |   1.7 |  34.9 |  39.5 | 654.0
       Dungeon | 100.0 | 100.0 |   1.7 |  34.9 |  39.5 | 654.0
               +-------+-------+-------+-------+-------+----------------------

Table legend:
 A = Kills in this place as a percentage of kills in entire the game.
 B = Kills by you in this place as a percentage of kills by you in the entire game.
 C = Kills by friends in this place as a percentage of kills by friends in the entire game.
 D = Other kills in this place as a percentage of other kills in the entire game.
 E = Experience gained in this place as a percentage of experience gained in the entire game.
 F = Experience gained in this place divided by the number of levels of this place that you have seen.
                   A       B       C       D       E      F
               +-------+-------+-------+-------+-------+----------------------
         Total | 100.0 | 100.0 |   N/A |   N/A | 100.0 |  71.5
       Dungeon | 100.0 | 100.0 |   N/A |   N/A | 100.0 |  71.5
               +-------+-------+-------+-------+-------+----------------------
